 Dungeon Crawl Stone Soup version 0.28-a0-2-g643f2454ad (webtiles) character file.

Game seed: 9616518940480263688

98 PentaManta the Ruffian (level 4, 0/40 HPs)
             Began as a Ghoul Fighter on July 22, 2021.
             Slain by a jackal (1 damage)
             ... on level 2 of the Dungeon.
             The game lasted 00:02:35 (2488 turns).

PentaManta the Ruffian (Ghoul Fighter)              Turns: 2488, Time: 00:02:36

Health: 0/40       AC: -1    Str: 19    XL:     4   Next: 71%
Magic:  3/3        EV:  9    Int:  4    God:
Gold:   81         SH:  0    Dex:  8    Spells: 3/3 levels left

rFire   . . .      SeeInvis .     - Unarmed
rCold   + . .      Faith    .   (no shield)
rNeg    + + +      Spirit   .   a - +0 scale mail
rPois   ∞          Reflect  .   (no helmet)
rElec   .          Harm     .   (no cloak)
rCorr   .          Rampage  .   (no gloves)
Will    .....                   (no boots)
Stlth   ..........              (no amulet)
HPRegen 0.00/turn               (no ring)
MPRegen 0.08/turn               (no ring)

@: corroded, inhibited regen
A: claws 1, cold resistance 1, negative energy resistance 3, inhibited
regeneration, torment resistance 2
a: no special abilities


You were on level 2 of the Dungeon.
You visited 1 branch of the dungeon, and saw 3 of its levels.

You collected 81 gold pieces.

Inventory:

Hand Weapons
 j - a +0 hunting sling
 p - a +1 dagger of venom
Missiles
 d - 35 sling bullets
 l - 38 poisoned darts (quivered)
Armour
 a - a +0 scale mail (worn)
 b - a +0 kite shield
Scrolls
 e - a scroll of amnesia {unknown}
 g - a scroll of teleportation {unknown}
 h - a scroll of noise {unknown}
 i - 2 scrolls of magic mapping {unknown}
 o - 2 scrolls of fear {unknown}
Potions
 c - a potion of might
 f - 2 potions of mutation {unknown}
 k - a potion of invisibility {unknown}
 m - 2 potions of magic {unknown}
 n - a potion of flight {unknown}


   Skills:
 + Level 4.2 Fighting
 - Level 2.7 Armour
 - Level 2.7 Shields
 * Level 4.4 Unarmed Combat


You had 3 spell levels left.
You didn't know any spells.
Your spell library contained the following spells:

 Spells                   Type           Power      Damage    Failure   Level
 Summon Small Mammal      Summ           0%         N/A       86%         1
 Call Canine Familiar     Summ           0%         N/A       99%         3
 Stone Arrow              Conj/Erth      0%         3d7       99%         3
 Summon Guardian Golem    Hex/Summ       0%         N/A       99%         3
 Animate Armour           Summ/Erth      0%         N/A       100%        4
 Lehudib's Crystal Spear  Conj/Erth      0%         10d2      100%        8


Dungeon Overview and Level Annotations

Branches:
Dungeon (3/15)

Altars:
Sif Muna
Wu Jian
Zin


Innate Abilities, Weirdness & Mutations

You thrive by killing the living.
You are immune to poison.
You have sharp fingernails.
Your flesh is cold resistant. (rC+)
You are immune to negative energy. (rN+++)
You do not regenerate when monsters are visible.
You are immune to unholy pain and torment.


Message History

You scratch the jelly but do no damage.
Your claws burn!
The jelly is moderately wounded.
The jackal barely misses you. The jelly closely misses you.
You barely miss the jelly.
The jelly is moderately wounded.
The jackal bites you. The jackal barely misses you.
The jelly closely misses you.
You are too injured to fight recklessly!
You are too injured to fight recklessly!
You are too injured to fight recklessly!
You are too injured to fight recklessly!
You are too injured to fight recklessly!
You are too injured to fight recklessly!
You are too injured to fight recklessly!
You are too injured to fight recklessly!
You are too injured to fight recklessly!
The jackal bites you. The jackal bites you. The jackal barely misses you.
The jackal barely misses you. The jackal bites you. The jackal bites you.
* * * LOW HITPOINT WARNING * * *
There is a stone staircase leading up here.
The jackal bites you.
* * * LOW HITPOINT WARNING * * *
The jackal bites you.
* * * LOW HITPOINT WARNING * * *
You climb upwards.
There is a stone staircase leading down here.
The jackal barely misses you.
You barely miss the jackal. The jackal bites you.
* * * LOW HITPOINT WARNING * * *
You barely miss the jackal. The jackal bites you.
* * * LOW HITPOINT WARNING * * *
You scratch the jackal but do no damage.
The jackal bites you.
* * * LOW HITPOINT WARNING * * *
The jackal bites you.
You die...

#...################.#####..###.#
######...............# #..###.#
#...##.###...........# #...##.#
#)#'##.# #.########..# #......#
..#.##.# #.# ##.#####...####
###.##.# #.#### #.........#
†...##.# #....# #.##.###..#
######.######.######.##.###..#
#.....<.....hh@....##†##...#
#.##.######.#########.#..).#
##.##.# #.# ####......#
##.#.#.### #.######....#...##
#.##.....# #...............#
.###.....# #.######.#####..# ##
#.....# #.# #.# #..# .###.....#
#.# ###†#####..#
#.##.....####.####..........#


You could see 2 jackals.

Vanquished Creatures
  4 adders
  4 ball pythons
  11 endoplasms
  2 giant cockroaches
  2 goblins (D:2)
  4 hobgoblins
  7 jackals (D:1)
  5 quokkas
  4 bats
  5 frilled lizards
  4 kobolds
  4 rats
56 creatures vanquished.

Notes
Turn   | Place    | Note
-------+----------+-------------------------------------------
     0 | D:1      | PentaManta the Ghoul Fighter began the quest for the Orb.
     0 | D:1      | Reached XP level 1. HP: 19/19 MP: 0/0
   205 | D:1      | Reached XP level 2. HP: 19/26 MP: 1/1
   339 | D:1      | Found a faded altar of an unknown god.
   885 | D:1      | Reached XP level 3. HP: 33/33 MP: 2/2
  1667 | D:2      | Reached XP level 4. HP: 32/40 MP: 3/3
  2028 | D:3      | Found an ornate altar of the Wu Jian Council.
  2127 | D:3      | Found a shimmering blue altar of Sif Muna.
  2486 | D:2      | HP: 2/40 [jackal (3)]
  2488 | D:2      | Slain by a jackal

Illustrated notes

Levels and vault maps discovered:
D:1:      minmay_arrival_semitransparent, layout_basic,
          ebering_ecumenical_altar_rust, minmay_split_cup_large
D:2:      minmay_chambers_of_ones, layout_loops_ring
D:3:      layout_rooms, gammafunk_temple_overflow_pools, fedhas_altar_4,
          mainiacjoe_overflow_alcove_4, hex_tiny, grunt_decor_clamped

Skill      XL: |  1  2  3 |
---------------+----------+-----
Unarmed Combat | 3 4 |  4.4
Fighting       | 4 |  4.2
Armour         | |  2.7
Shields        | |  2.7

Action                   |  1- 3 |  4- 6 || total
-------------------------+-------+-------++-------
Melee: Unarmed           |   139 |    49 ||   188
       Punch             |     5 |     2 ||     7
Armor: Scale mail        |    74 |    20 ||    94
Dodge: Dodged            |    73 |    23 ||    96

Table legend: (Time is in decaauts)
 A = Elapsed time spent in this place.
 B = Non-inter-level travel time spent in this place.
 C = Inter-level travel time spent in this place.
 D = Time resting spent in this place.
 E = Time spent auto-exploring this place.
 F = Levels seen in this place.
 G = Mean time per level.
                   A        B        C        D        E       F      G
               +--------+--------+--------+--------+--------+-----+--------+
         Total |   2476 |   2375 |    101 |      0 |   2007 |   3 |  825.3 |
       Dungeon |   2476 |   2375 |    101 |      0 |   2007 |   3 |  825.3 |
               +--------+--------+--------+--------+--------+-----+--------+

Top non-repeatable levels by time:
     D:1: 1137 daAuts
     D:2: 831 daAuts
     D:3: 507 daAuts
